 Dungeon Crawl Stone Soup version 0.28-a0-723-g095bd1b44f (webtiles) character file.

Game seed: 5980247140808547622

70 ytrimaz the Grave Robber (level 4, -1/30 HPs)
             Began as a Demonspawn Necromancer on Oct 25, 2021.
             Slain by an ufetubus (3 damage)
             ... on level 3 of the Dungeon.
             The game lasted 00:01:52 (2671 turns).

ytrimaz the Grave Robber (Demonspawn Necromancer)   Turns: 2671, Time: 00:01:52

Health: -1/30      AC:  2    Str:  8    XL:     4   Next: 4%
Magic:  8/8        EV: 12    Int: 18    God:
Gold:   80         SH:  0    Dex: 13    Spells: 4/8 levels left

rFire   . . .      SeeInvis .   (no weapon)
rCold   . . .      Faith    .   (no shield)
rNeg    . . .      Spirit   .   a - +0 robe
rPois   .          Reflect  .   (no helmet)
rElec   .          Harm     .   (no cloak)
rCorr   .          Rampage  .   (no gloves)
Will    .....                   (no boots)
Stlth   ++........              (no amulet)
HPRegen 0.10/turn               (no ring)
MPRegen 0.11/turn               (no ring)

@: no status effects
A: claws 1, demonic guardian 1
a: no special abilities


You were on level 3 of the Dungeon.
You visited 1 branch of the dungeon, and saw 3 of its levels.

You collected 80 gold pieces.

Inventory:

Armour
 a - a +0 robe (worn)
Scrolls
 b - 3 scrolls of identify {unknown}
 d - 2 scrolls of enchant armour {unknown}
 h - a scroll of enchant weapon {unknown}
 j - a scroll of fog {unknown}
Potions
 c - a potion of attraction {unknown}
 e - 4 potions of cancellation {unknown}
 f - a potion of heal wounds {unknown}
 g - a potion of degeneration {unknown}
 i - 2 potions of curing {unknown}


   Skills:
 - Level 1.7 Dodging
 - Level 1.7 Stealth
 + Level 2.9 Spellcasting
 + Level 5.6 Necromancy


You had 4 spell levels left.
You knew the following spells:

 Your Spells              Type           Power      Damage    Failure   Level
a - Pain                  Necr           88%        1d8       1%          1
b - Vampiric Draining     Necr           11%        2d7       4%          3

Your spell library contained the following spells:

 Spells                   Type           Power      Damage    Failure   Level
 Animate Skeleton         Necr           44%        N/A       1%          1
 Animate Dead             Necr           11%        N/A       16%         4
 Sandblast                Erth           4%         2d4       17%         1
 Passwall                 Tmut/Erth      1%         N/A       26%         2
 Stone Arrow              Conj/Erth      4%         3d7       45%         3
 Agony                    Necr           22%        N/A       41%         5


Dungeon Overview and Level Annotations

Branches:
Dungeon (3/15)

Altars:


Innate Abilities, Weirdness & Mutations

You have sharp fingernails.
A weak demonic guardian rushes to your aid.


Message History

Confirm with . or Enter, or press ? or * to list all spells.
You can't see any susceptible monsters within range! (Use Z to cast anyway.)
Casting: Pain (safe; 1% risk of failure)
Confirm with . or Enter, or press ? or * to list all spells.
You can't see any susceptible monsters within range! (Use Z to cast anyway.)
Press: ? - help, v - describe, . - travel
Here: an ufetubus The floor.
Unknown command.
You barely miss the ufetubus. The ufetubus hits you. x2
You scratch the ufetubus but do no damage.
The ufetubus barely misses you. x2; The ufetubus hits you.
The ufetubus barely misses you.
You scratch the ufetubus.
The ufetubus is moderately wounded.
The ufetubus hits you. The ufetubus closely misses you.
You miss the ufetubus.
The ufetubus is moderately wounded.
The ufetubus hits you. x2
The ufetubus hits you but does no damage.
The ufetubus hits you.
You barely miss the ufetubus.
The ufetubus is moderately wounded.
The ufetubus hits you.
* * * LOW HITPOINT WARNING * * *
The ufetubus barely misses you.
You closely miss the ufetubus.
The ufetubus is moderately wounded.
The ufetubus hits you.
* * * LOW HITPOINT WARNING * * *
A demonic guardian appears!
The ufetubus hits you but does no damage.
The ufetubus barely misses you. x2
Your shadow imp barely misses the ufetubus.
The ufetubus closely misses you. The ufetubus hits you.
* * * LOW HITPOINT WARNING * * *
Your shadow imp hits the ufetubus.
Your shadow imp hits the ufetubus.
The ufetubus misses you. The ufetubus hits you.
You die...

..###...###....#
.. #.###
#...##### #. #.
#.<...... .. ..
#..######
.#.#####..#
#^.........#
#....#####.####
# #..........#
...###@.##.#
#5.# # #.5# #..#
#..# ...# .#.##
..... .# #..


You could see an ufetubus (ally target) and a friendly shadow imp (summoned).

Vanquished Creatures
  3 adders (D:2)
  An adder skeleton (D:2)
  2 dart slugs
  4 orcs (D:3)
  4 ball pythons
  2 bats
  2 endoplasms
  2 goblins (D:1)
  2 hobgoblins
  A kobold (D:2)
  A quokka (D:2)
  A frilled lizard (D:2)
  2 rats (D:1)
27 creatures vanquished.

Vanquished Creatures (collateral kills)
  An adder skeleton (D:2)
  A giant cockroach (D:2)
2 creatures vanquished.

Grand Total: 29 creatures vanquished

Notes
Turn   | Place    | Note
-------+----------+-------------------------------------------
     0 | D:1      | ytrimaz the Demonspawn Necromancer began the quest for the
                  | Orb.
     0 | D:1      | Reached XP level 1. HP: 13/13 MP: 3/3
   547 | D:1      | Gained mutation: A weak demonic guardian rushes to your
                  | aid. [demonic ancestry]
   547 | D:1      | Reached XP level 2. HP: 17/19 MP: 1/5
  1005 | D:1      | Reached skill level 5 in Necromancy
  1169 | D:2      | Found a faded altar of an unknown god.
  1376 | D:2      | Reached XP level 3. HP: 12/24 MP: 1/6
  1771 | D:2      | Learned a level 3 spell: Vampiric Draining
  2605 | D:3      | Gained mutation: You have sharp fingernails. [demonic
                  | ancestry]
  2605 | D:3      | Reached XP level 4. HP: 27/30 MP: 6/8
  2671 | D:3      | Slain by an ufetubus

Illustrated notes

Levels and vault maps discovered:
D:1:      minmay_arrival_up_and_down, layout_basic
D:2:      layout_rooms, chequers_ecumenical_altar_simple_redux
D:3:      layout_loops_ring

Skill      XL: |  1  2 |
---------------+-------+-----
Necromancy     | 5 |  5.6
Dodging        | |  1.7
Stealth        | |  1.7
Spellcasting   | |  2.9

Action                   |  1- 3 |  4- 6 || total
-------------------------+-------+-------++-------
Melee: Unarmed           |    17 |     6 ||    23
 Cast: Pain              |    53 |     1 ||    54
       Vampiric Draining |     1 |       ||     1
Armor: Robe              |     3 |     2 ||     5
Dodge: Dodged            |    18 |    11 ||    29

Table legend: (Time is in decaauts)
 A = Elapsed time spent in this place.
 B = Non-inter-level travel time spent in this place.
 C = Inter-level travel time spent in this place.
 D = Time resting spent in this place.
 E = Time spent auto-exploring this place.
 F = Levels seen in this place.
 G = Mean time per level.
                   A        B        C        D        E       F      G
               +--------+--------+--------+--------+--------+-----+--------+
         Total |   2670 |   2611 |     59 |    254 |   2123 |   3 |  890.0 |
       Dungeon |   2670 |   2611 |     59 |    254 |   2123 |   3 |  890.0 |
               +--------+--------+--------+--------+--------+-----+--------+

Top non-repeatable levels by time:
     D:1: 1169 daAuts
     D:2: 1099 daAuts
     D:3: 401 daAuts
